 Dungeon Crawl Stone Soup version 0.14-a0-2091-gca92d1a (webtiles) character file.

188 Mitsuki the Covert (level 4, -9/22 HPs)
             Began as a Spriggan Assassin on Jan 25, 2014.
             Mangled by a centaur (10 damage)
             ... on Level 4 of the Dungeon.
             The game lasted 00:07:46 (1825 turns).

Mitsuki the Covert (Spriggan Assassin)              Turns: 1825, Time: 00:07:47

HP  -9/22        AC  5     Str  8      XL: 4   Next: 88%
MP   8/8         EV 17     Int 12      God:
Gold 59          SH  0     Dex 17      Spells:  0 memorised,  3 levels left

rFire  . . .     SeeInvis +     a - +2 dagger
rCold  . . .     Clarity  .     d - +0 elf robe
rNeg   . . .     Conserve .     (shield restricted)
rPois  .         rCorr    .     (helmet restricted)
rElec  .         rRot     .     t - +2 cloak
SustAb . .       Spirit   .     (gloves unavailable)
rMut   .         Warding  .     (boots unavailable)
Saprov . . .     Stasis   .     (no amulet)
MR     .....                    (no ring)
                                o - ring of flight

@: quite poisoned, very quick, not resistant to hostile enchantments, stealthy
A: unfitting armour, see invisible, herbivore 3, speed 3, slow metabolism 2
a: Evoke Flight


You were on level 4 of the Dungeon.
You were not hungry.

You visited 1 branch of the dungeon, and saw 5 of its levels.

You collected 59 gold pieces.

Inventory:

Hand weapons
 a - a +2,+2 dagger (weapon)
 b - a +0 blowgun
Missiles
 e - 7 poisoned needles
 f - 2 curare-tipped needles
 k - 51 darts (quivered)
Armour
 d - a +0 elven robe (worn)
 t - a +2 cloak (worn)
Comestibles
 h - 4 bread rations
Scrolls
 n - a scroll of identify
 p - a scroll of enchant armour {unknown}
Jewellery
 o - a ring of flight (left hand)
 q - a cursed -2 ring of dexterity {unknown}
Potions
 c - a potion of might {unknown}
 g - a potion of porridge
 i - a potion of lignification {unknown}
 j - a potion of flight {unknown}
 l - a potion of restore abilities {unknown}
 m - 2 potions of heal wounds {unknown}
 s - a potion of brilliance {unknown}


   Skills:
 - Level 1.5 Fighting
 - Level 2.1 Short Blades
 - Level 2.1 Throwing
 - Level 1.5 Dodging
 + Level 9.5 Stealth


You had 3 spell levels left.
You didn't know any spells.

Dungeon Overview and Level Annotations

Branches:
Dungeon (5/16)
 Temple: D:4-7

Altars:
Cheibriados
Trog
Zin

Annotations:
D:2 Ijyb
D:5 Prince Ribbit; cedor's ghost, experienced DsSk


Innate Abilities, Weirdness & Mutations

You are tiny and cannot use many weapons and most armour.
You have supernaturally acute eyesight.
You are a herbivore.
You cover ground extremely quickly.
You need consume almost no food.


Message History

The centaur hits you.
You hit the centaur but do no damage.
You feel sick.
The giant centipede completely misses you.
The giant centipede misses you. The centaur barely misses you.
Your unstable footing causes you to fumble your attack.
You feel sick. The giant centipede closely misses you.
The giant centipede splashes around in the water.
The centaur misses you.
Your unstable footing causes you to fumble your attack.
* * * LOW HITPOINT WARNING * * *
You feel very sick.
The giant centipede stings you but does no damage.
The centaur barely misses you. The giant centipede closely misses you.
You hit the centaur but do no damage.
* * * LOW HITPOINT WARNING * * *
You feel very sick.
You feel a little better. The centaur barely misses you.
The giant centipede barely misses you. The giant centipede closely misses you.
The centaur hits you!
You die...

....####.######.#########.......#
............a...............%....
....####.######.####.............
..######.######.####.####.......#
..#...................###.......#
...................>............#
...............p.................
.##......###.##c##.######c......#
.##......# #.#≈≈@#.# ###.#####
.##......###.#≈ss#.########.#####
.............#≈.≈#..............(
.........##..#≈≈≈#.######........
.........#...#≈≈≈#.# #........
...#####.#...#####.## #...%[...
.### #.#..........# #........
...# #.#..........# #........
..<# #.#..........# #........


You could see a phantom, a centaur and 2 giant centipedes.

Vanquished Creatures
  2 iguanas
  A worker ant (D:4)
  An adder (D:3)
  A giant mite (D:5)
  2 giant geckos
  An ooze (D:1)
  4 orcs (D:4)
  2 giant cockroaches
  2 goblins (D:1)
  4 hobgoblins
  5 kobolds
  4 bats
  A giant newt (D:4)
  A goblin skeleton (D:4)
  4 rats
35 creatures vanquished.

Notes
Turn   | Place    | Note
--------------------------------------------------------------
     0 | D:1      | Mitsuki, the Spriggan Assassin, began the quest for the Orb.
     0 | D:1      | Reached XP level 1. HP: 10/10 MP: 2/2
    64 | D:1      | Reached skill level 6 in Stealth
   282 | D:1      | Reached XP level 2. HP: 11/14 MP: 4/4
   682 | D:1      | Reached skill level 7 in Stealth
   840 | D:2      | Noticed Ijyb
   935 | D:4      | Reached XP level 3. HP: 18/18 MP: 6/6
   950 | D:4      | Found a glowing drain.
  1026 | D:4      | Reached skill level 8 in Stealth
  1036 | D:4      | Noticed a centaur
  1058 | D:4      | Found a bloodstained altar of Trog.
  1058 | D:4      | Found a glowing silver altar of Zin.
  1059 | D:4      | Found a snail-covered altar of Cheibriados.
  1100 | D:5      | Entered Level 5 of the Dungeon
  1292 | D:5      | Noticed cedor's ghost (experienced DsSk)
  1316 | D:5      | Noticed Prince Ribbit
  1395 | D:5      | Reached XP level 4. HP: 22/22 MP: 8/8
  1459 | D:4      | Reached skill level 9 in Stealth
  1797 | D:4      | Noticed a phantom
  1825 | D:4      | HP: 1/22 [poisoned by a giant centipede]
  1825 | D:4      | Mangled by a centaur

Action                   |  1- 3 |  4- 6 || total
-------------------------+-------+-------++-------
Melee: Dagger            |    81 |    58 ||   139
 Fire: Blowgun           |       |     5 ||     5
  Use: Scroll            |     5 |       ||     5
 Stab: Sleeping          |     6 |     1 ||     7
